AoeStats
← skeezerrr

Pilgrims

508086267Analyzed
4v4 RM · 13d ago on Sep 20, 2026· 24m 56s· 8 players
Game mode
Random Map
Map size
Large (8 player)
Population
200
Speed
Normal
Resources
Standard
Victory
Conquest
Starting age
Dark Age
Ending age
Imperial Age
RankedLock teamsTeams togetherTeam positionsShared explorationLock speedFull tech treeHidden civsTurbo modeCheats
Victory
Defeat
🇬🇧 Wu · United Kingdom
1188
+16
🇲🇽 Persians · Mexico
1156
+17
🇺🇸 Tatars · United States
1138
+18
🇬🇧 Vietnamese · United Kingdom
1083
+19
🇧🇷 Malay · Brazil
1206
-19
🇭🇷 Burmese · Croatia
1170
-17
🇪🇸 Maya · Spain
1169
-17
🇹🇷 Franks · Türkiye
1152
-17
LokillO!
7:14 Loom
13:25 Feudal Age
15:14 Wheelbarrow
15:39 Double-Bit Axe
17:08 Fletching
23:37 Castle Age
22:36 Padded Archer Armor
23:02 Gold Mining
23:02 Stone Mining
23:00 Horse Collar
Cienfuegos
11:51 Feudal Age
13:11 Double-Bit Axe
18:06 Castle Age
16:27 Stone Mining
17:21 Gold Mining
19:22 Bow Saw
19:16 Husbandry
21:24 Scale Barding Armor
21:29 Forging
23:45 Fishing Lines
24:40 Chain Barding Armor
MattVini
11:22 Feudal Age
11:44 Double-Bit Axe
21:12 Castle Age
ZSalsero
8:13 Loom
13:40 Feudal Age
18:39 Castle Age
16:29 Man-at-Arms
Naco y Estúpido
4:37 Loom
17:45 Feudal Age
20:07 Fletching
20:13 Double-Bit Axe
22:23 Stone Mining
skeezerrr
10:46 Feudal Age
10:26 Loom
11:22 Double-Bit Axe
11:33 Stone Mining
13:30 Town Watch
14:23 Wheelbarrow
13:54 Gold Mining
19:30 Castle Age
17:24 Fletching
18:15 Bloodlines
21:01 Bodkin Arrow
22:45 Forging
23:21 Husbandry
Husain Bolt
4:02 Loom
11:11 Feudal Age
17:51 Castle Age
16:24 Stone Mining
21:12 Forging
21:27 Scale Mail Armor
23:25 Fletching
23:35 Padded Archer Armor
24:16 Gold Mining
Skipper
12:50 Feudal Age
11:07 Loom
11:13 Loom
13:24 Double-Bit Axe
13:21 Horse Collar
17:03 Town Watch
21:00 Scale Barding Armor
21:07 Forging
23:22 Castle Age
21:08 Man-at-Arms
23:54 Bloodlines
23:39 Light Cavalry
24:20 Husbandry
Connection lost

Rejoining the realm…

Still unreachable

The connection could not be restored.

Session expired

The server has moved on; the page needs a fresh start.